 Dungeon Crawl Stone Soup version 0.27-a0-1191-g601b473118 (webtiles) character file.

Game seed: 15935942048788399770

953 HoaS the Grappler (level 7, -5/63 HPs)
             Began as a Troll Hunter on May 24, 2021.
             Killed by divine providence
             ... invoked by an orc priest
              (8 damage)
             ... on level 5 of the Dungeon.
             The game lasted 00:08:38 (3179 turns).

HoaS the Grappler (Troll Hunter)                    Turns: 3179, Time: 00:08:39

Health: -5/63      AC:  6    Str: 21    XL:     7   Next: 90%
Magic:  6/6        EV: 10    Int:  7    God:
Gold:   90         SH:  0    Dex: 12    Spells: 6/6 levels left

rFire    . . .     SeeInvis .     - Unarmed
rCold    + . .     Faith    .   (no shield)
rNeg     . . .     Spirit   .   b - +0 robe
rPois    .         Reflect  .   (helmet restricted)
rElec    .         Harm     .   e - +1 cloak
rCorr    .         Rampage  .   (gloves unavailable)
Will     .....                  (boots unavailable)
Stlth    +.........             (no amulet)
HPRegen  1.20/turn              i - ring of protection from cold
MPRegen  0.10/turn              (no ring)

@: no status effects
A: large, unfitting armour, claws 3, regeneration 1, shaggy fur 1, tough skin 1
a: no special abilities


You were on level 5 of the Dungeon.
You visited 1 branch of the dungeon, and saw 5 of its levels.

You collected 90 gold pieces.

Inventory:

Missiles
 c - 5 large rocks
 d - 2 throwing nets (quivered)
 m - 8 poisoned darts
Armour
 b - a +0 robe (worn)
 e - a +1 cloak (worn)
Jewellery
 i - a ring of protection from cold (left claw)
Scrolls
 l - 2 scrolls of fog
Potions
 a - a potion of curing
 f - a potion of mutation {unknown}
 g - 3 potions of cancellation
 h - a potion of heal wounds {unknown}
 j - a potion of brilliance {unknown}
 k - a potion of flight {unknown}
 n - a potion of lignification {unknown}


   Skills:
 + Level 1.7 Fighting
 - Level 3.6 Throwing
 + Level 1.7 Dodging
 - Level 0.3 Stealth
 - Level 9.0 Unarmed Combat


You had 6 spell levels left.
You didn't know any spells.
Your spell library contained the following spells:

 Spells                   Type           Power      Damage    Failure   Level
 Animate Skeleton         Necr           0%         N/A       43%         1
 Pain                     Necr           0%         1d4       43%         1
 Shock                    Conj/Air       0%         1d3       43%         1
 Static Discharge         Conj/Air       0%         N/A       56%         2
 Summon Guardian Golem    Hex/Summ       0%         N/A       80%         3
 Swiftness                Air            0%         N/A       80%         3
 Vampiric Draining        Necr           0%         2d6       80%         3
 Animate Dead             Necr           0%         N/A       99%         4
 Agony                    Necr           0%         N/A       100%        5


Dungeon Overview and Level Annotations

Branches:
Dungeon (5/15)
 Temple: D:4-7

Altars:
Cheibriados
Hepliaklqana


Innate Abilities, Weirdness & Mutations

You are too large for most types of armour.
You have claws for hands.
Your natural rate of healing is unusually fast.
You are covered in fur. (AC +1)
You have tough skin. (AC +1)


Message History

The iguana bites you!
* * * LOW HITPOINT WARNING * * *
The iguana hisses menacingly.
The iguana bites you but does no damage.
You mangle the phantom!!
You destroy the phantom!
The hound bites you but does no damage. The hound barely misses you.
Training target 9.0 for Unarmed Combat reached!
Your Unarmed Combat skill increases to level 9!
You need to enable at least one skill for training.
You feel better. The iguana closely misses you.
The iguana bites you but does no damage.
The hound bites you but does no damage. The hound bites you.
The iguana bites you.
* * * LOW HITPOINT WARNING * * *
The orc priest hits you with a +0 mace.
* * * LOW HITPOINT WARNING * * *
The orc hits you with a +0 flail.
* * * LOW HITPOINT WARNING * * *
The hound bites you but does no damage. The orc barely misses you.
You scratch the orc priest but do no damage.
The orc priest is severely wounded.
The hound barely misses you. The iguana misses you. The iguana bites you.
* * * LOW HITPOINT WARNING * * *
The orc priest miscasts a cantrip.
The orc hits you but does no damage.
You hear some strange, mumbled words.
Something tries to affect you, but you resist.
The hound misses you. The hound bites you but does no damage.
The orc barely misses you.
You closely miss the orc priest.
The orc priest is severely wounded.
The hound misses you.
The iguana bites you but does no damage.
The iguana bites you.
* * * LOW HITPOINT WARNING * * *
The hound closely misses you.
The orc priest calls down the wrath of Beogh upon you.
Beogh smites you!
You die...

.# ####.# .#####....#
......#..######
##.............
.#..............
.......olh...........##.
.......l@o.............
.#.....oh........#....
#...................##
#....................
##.................####
....).............<$..#
.##........#..?...#
..........#......##
.....................


You could see 2 iguanas, 2 hounds, an orc priest and 2 orcs.

Vanquished Creatures
  Grinder (D:3)
  Sigmund (D:2)
  The ghost of st0uf the Digger, an amateur GrEE (D:3)
  2 phantoms
  2 hounds (D:4)
  Crazy Yiuf (D:2)
  Terence (D:2)
  2 iguanas (D:4)
  A mummy (D:4)
  Robin (D:4)
  3 gnolls (D:2)
  5 adders
  2 adder skeletons (D:4)
  A worm (D:4)
  5 dart slugs
  2 orcs (D:4)
  8 ball pythons
  6 endoplasms
  3 giant cockroaches
  9 goblins
  5 hobgoblins
  3 jackals (D:1)
  4 quokkas (D:1)
  8 bats
  5 frilled lizards
  4 kobolds
  6 rats
92 creatures vanquished.

Vanquished Creatures (others)
  An iguana (D:4)
  A ball python (D:4)
2 creatures vanquished.

Grand Total: 94 creatures vanquished

Notes
Turn   | Place    | Note
-------+----------+-------------------------------------------
     0 | D:1      | HoaS the Troll Hunter began the quest for the Orb.
     0 | D:1      | Reached XP level 1. HP: 19/19 MP: 0/0
    41 | D:1      | Reached skill level 1 in Unarmed Combat
    56 | D:1      | Reached XP level 2. HP: 25/27 MP: 1/1
   109 | D:1      | Reached skill level 2 in Unarmed Combat
   335 | D:1      | Reached XP level 3. HP: 32/33 MP: 2/2
   393 | D:2      | Noticed Terence
   405 | D:2      | Killed Terence
   406 | D:2      | Reached skill level 3 in Unarmed Combat
   485 | D:2      | Reached XP level 4. HP: 41/41 MP: 3/3
   535 | D:2      | Reached skill level 4 in Unarmed Combat
   704 | D:2      | Found a hazy altar of Hepliaklqana.
   858 | D:2      | Noticed Sigmund
   860 | D:2      | Killed Sigmund
   861 | D:2      | Reached skill level 5 in Unarmed Combat
   861 | D:2      | Reached XP level 5. HP: 48/48 MP: 4/4
   861 | D:2      | Reached XP level 6. HP: 55/55 MP: 5/5
   955 | D:2      | Found a runed translucent door.
   956 | D:2      | Noticed Crazy Yiuf
  1265 | D:2      | Killed Crazy Yiuf
  1266 | D:2      | Reached skill level 6 in Unarmed Combat
  1440 | D:3      | Noticed Grinder
  1446 | D:3      | Paralysed by Grinder for 5 turns
  1453 | D:3      | Killed Grinder
  1454 | D:3      | Reached skill level 7 in Unarmed Combat
  1648 | D:3      | Reached XP level 7. HP: 62/62 MP: 6/6
  1808 | D:3      | Found a faded altar of an unknown god.
  1911 | D:3      | Found a runed translucent door.
  1913 | D:3      | Noticed st0uf's ghost (amateur GrEE)
  2190 | D:3      | Killed st0uf's ghost
  2223 | D:3      | Identified the Incunabulum of the Robin
  2269 | D:4      | Noticed Robin
  2291 | D:4      | Killed Robin
  2341 | D:4      | Reached skill level 8 in Unarmed Combat
  2401 | D:4      | Found a snail-covered altar of Cheibriados.
  3141 | D:5      | Entered Level 5 of the Dungeon
  3176 | D:5      | Reached skill level 9 in Unarmed Combat
  3179 | D:5      | HP: 3/63 [iguana (5)]
  3179 | D:5      | Killed from afar by an orc priest

Illustrated notes

Levels and vault maps discovered:
D:1:      lightli_arrival_flooded_house, layout_rooms, minmay_misc_feat_tower,
          minmay_pentomino_z2
D:2:      layout_basic, basic_altar, hex_large, uniq_sigmund, uniq_terence,
          uniq_crazy_yiuf_cottage
D:3:      layout_basic, ebering_ghost_inner_flame,
          shapermc_ecumenical_altar_mp_vishouse, kennysheep_cross_bottleneck,
          hangedman_decor_clover_reticule, kennysheep_generic_room_2,
          uniq_grinder
D:4:      layout_basic, slow_altar_2, lemuel_flame_loot_1, uniq_robin
D:5:      layout_rooms, lemuel_crystal_altar

Skill      XL: |  1  2  3  4  5  6  7 |
---------------+----------------------+-----
Unarmed Combat | 1 2 3 5 7 9 |  9.0
Fighting       | |  1.7
Throwing       | |  3.6
Dodging        | |  1.7
Stealth        | |  0.3

Action                   |  1- 3 |  4- 6 |  7- 9 || total
-------------------------+-------+-------+-------++-------
Melee: Unarmed           |    76 |    55 |   108 ||   239
       Punch             |     1 |       |     4 ||     5
Throw: Large rock        |     1 |     4 |       ||     5
  Use: Scroll            |       |     4 |     2 ||     6
       Potion            |       |       |     1 ||     1
 Stab: Sleeping          |     2 |     3 |     1 ||     6
Armor: Robe              |    17 |    11 |    42 ||    70
Dodge: Dodged            |    27 |    21 |    54 ||   102

Table legend: (Time is in decaauts)
 A = Elapsed time spent in this place.
 B = Non-inter-level travel time spent in this place.
 C = Inter-level travel time spent in this place.
 D = Time resting spent in this place.
 E = Time spent auto-exploring this place.
 F = Levels seen in this place.
 G = Mean time per level.
                   A        B        C        D        E       F      G
               +--------+--------+--------+--------+--------+-----+--------+
         Total |   3158 |   2993 |    165 |     74 |   2356 |   5 |  631.6 |
       Dungeon |   3158 |   2993 |    165 |     74 |   2356 |   5 |  631.6 |
               +--------+--------+--------+--------+--------+-----+--------+

Top non-repeatable levels by time:
     D:2: 934 daAuts
     D:3: 915 daAuts
     D:4: 887 daAuts
     D:1: 390 daAuts
     D:5: 30 daAuts
